 Dungeon Crawl Stone Soup version 0.19.0-2-gae57169 (webtiles) character file.

2880 poirepourri the Basher (level 9, -2/88 HPs)
             Began as a Gargoyle Fighter on Nov 3, 2016.
             Was a Believer of Okawaru.
             Slain by a vampire (8 damage)
             ... on level 8 of the Dungeon.
             The game lasted 00:08:07 (6147 turns).

poirepourri the Basher (Gargoyle Fighter)           Turns: 6147, Time: 00:08:08

Health: -2/88      AC: 22    Str: 28    XL:     9   Next: 76%
Magic:  18/18      EV:  9    Int: 11    God:    Okawaru [**....]
Gold:   230        SH: 10    Dex: 10    Spells: 0 memorised, 8 levels left

rFire  . . .     SeeInvis .     A - +2 mace (protect)
rCold  . . .     Gourm    .     b - +1 scale mail
rNeg   + . .     Faith    .     c - +0 shield
rPois  ∞         Spirit   .     (no helmet)
rElec  +         Reflect  .     h - +0 cloak
rCorr  .         Harm     .     w - +0 pair of gloves
MR     .....                    (no boots)
Stlth  ..........               (no amulet)
                                (no ring)
                                k - ring of Sloth {rPois MP+9 Int+3}

@: berserking, protection aura, flying, very slightly contaminated, hasted,
invisible, very quick
A: negative energy resistance 1, electricity resistance, unbreathing,
petrification resistance, rot immunity, AC +5
a: Heroism, Renounce Religion


You were on level 8 of the Dungeon.
You worshipped Okawaru.
Okawaru was pleased with you.
You were not hungry.

You visited 2 branches of the dungeon, and saw 9 of its levels.

You collected 356 gold pieces.
You spent 126 gold pieces at shops.

Inventory:

Hand Weapons
 A - a +2 mace of protection (weapon)
Missiles
 s - 81 bolts
Armour
 b - a +1 scale mail (worn)
 c - a +0 shield (worn)
 h - a +0 cloak (worn)
 w - a +0 pair of gloves (worn)
Jewellery
 k - the ring of Sloth (left hand) {rPois MP+9 Int+3}
   (You found it on level 6 of the Dungeon)

   [ring of magical power]

   It affects your intelligence (+3).
   It protects you from poison.
   It affects your magic capacity (+9).
 r - an uncursed ring of ice
Wands
 d - a wand of iceblast (6/15)
 x - a wand of iceblast (5/15)
 B - a wand of flame (36/48)
Scrolls
 a - 2 scrolls of noise
 j - 3 scrolls of teleportation
 o - 5 scrolls of remove curse
 q - 2 scrolls of fog
 v - a scroll of summoning
 z - a scroll of blinking
Potions
 e - 3 potions of brilliance
 l - 2 potions of curing
 t - 4 potions of flight
Books
 C - a book of Maledictions

   Spells                             Type                      Level
   a - Corona                         Hexes                        1
   b - Ensorcelled Hibernation        Hexes/Ice                    2
   c - Confuse                        Hexes                        3
   d - Tukima's Dance                 Hexes                        3
   e - Dazzling Spray                 Conjuration/Hexes            3
Comestibles
 f - 7 bread rations
 m - a meat ration
 p - a royal jelly
 u - 7 beef jerkies


   Skills:
 + Level 8.2 Fighting
 + Level 10.3 Maces & Flails
 - Level 3.3 Armour
 + Level 3.7 Dodging
 - Level 3.2 Shields


You had 8 spell levels left.
You didn't know any spells.

Dungeon Overview and Level Annotations

Branches:
Dungeon (8/15)             Temple (1/1) D:5
   Lair: D:8-11

Altars:
Ashenzari
Cheibriados
Dithmenos
Elyvilon
Fedhas
Gozag
Hepliaklqana
Kikubaaqudgha
Makhleb
Nemelex Xobeh
Okawaru
Qazlal
Sif Muna
Trog
Uskayaw
Xom
Yredelemnul
Zin
The Shining One

Shops:
D:5 [   D:8 (


Innate Abilities, Weirdness & Mutations

You are resistant to torment.
Your stone body is resilient. (AC +5)
You are immune to poison.
You resist negative energy. (rN+)
You are resistant to electric shocks. (rElec)
You can survive without breathing.
You are immune to petrification.
You are immune to rotting.


Message History

Something bites you but does no damage.
It was a potion of flight.
You feel very buoyant.
You fly up into the air.
It was a potion of magic.
Magic courses through your body. Something hits you but does no damage.
Something bites you!
* * * LOW HITPOINT WARNING * * *
It was a potion of invisibility.
You fade into invisibility!
Something hits you but does no damage. You block something's attack.
It was a potion of berserk rage.
A red film seems to cover your vision as you go berserk!
You feel yourself moving faster!
You feel mighty!
You miss something. Something hits you but does no damage.
Something bites you but does no damage.
You sock something!
Unholy energy fills the air.
* * * LOW HITPOINT WARNING * * *
You closely miss something. You barely miss something. Something hits you!
You die...

##...>....#.........>
##......##..........
#########..........
#.######### #.##
#.^##########
##.##......%.
#.##........
#..@{.......
####........
#........ #........
#........ #########


There were no monsters in sight!

Vanquished Creatures
  Pikel (D:4)
  Grinder (D:4)
  Eustachio (D:5)
  Duvessa (D:7)
  An orc warrior (D:5)
  A sky beast (D:6)
  A phantom (D:7)
  2 slaves (D:3)
  4 ogres (D:7)
  3 centaurs
  A crocodile (D:7)
  Dowan (D:7)
  2 scorpions
  4 wights (D:7)
  2 howler monkeys
  A crimson imp (D:8)
  A hound (D:4)
  A gnoll shaman (D:7)
  An orc priest (D:5)
  A bullfrog skeleton (D:5)
  4 worker ants
  Natasha (twice) (D:2)
  3 iguanas
  An orc wizard (D:7)
  A hound skeleton (D:6)
  3 gnolls (D:7)
  9 adders
  2 oozes
  4 worms
  3 leopard geckos
  18 orcs
  2 ball pythons (D:5)
  3 bats
  4 giant cockroaches
  5 goblins
  4 hobgoblins
  19 jackals
  6 kobolds
  7 quokkas
  5 frilled lizards
  A jackal skeleton (D:5)
  A leopard gecko skeleton (D:7)
  A quokka zombie (D:5)
  A rat (D:2)
140 creatures vanquished.

Vanquished Creatures (collateral kills)
  A giant cockroach (D:6)
  A jackal skeleton (D:6)
2 creatures vanquished.

Vanquished Creatures (others)
  A jackal (D:4)
1 creature vanquished.

Grand Total: 143 creatures vanquished

Notes
Turn   | Place    | Note
-------+----------+-------------------------------------------
     0 | D:1      | poirepourri the Gargoyle Fighter began the quest for the Orb.
     0 | D:1      | Reached XP level 1. HP: 14/14 MP: 1/1
   403 | D:2      | Noticed Natasha
   410 | D:2      | Noticed a crimson imp
   424 | D:2      | Killed Natasha
   424 | D:2      | Reached XP level 2. HP: 20/20 MP: 2/2
   424 | D:2      | Reached XP level 3. HP: 24/24 MP: 3/3
   635 | D:2      | Reached skill level 3 in Maces & Flails
   739 | D:2      | Reached XP level 4. HP: 27/29 MP: 4/4
   984 | D:2      | Noticed Natasha
   992 | D:2      | Killed Natasha
  1342 | D:3      | Reached skill level 4 in Maces & Flails
  1404 | D:3      | Reached XP level 5. HP: 26/34 MP: 5/5
  1936 | D:4      | Reached skill level 1 in Dodging
  2005 | D:4      | Noticed a slave
  2006 | D:4      | Noticed a slave
  2006 | D:4      | Noticed a slave
  2006 | D:4      | Noticed a slave
  2007 | D:4      | Noticed Pikel
  2034 | D:3      | Killed a slave
  2040 | D:3      | Killed a slave
  2050 | D:4      | Killed Pikel
  2050 | D:4      | Reached skill level 5 in Fighting
  2050 | D:4      | Reached skill level 6 in Maces & Flails
  2050 | D:4      | Reached XP level 6. HP: 23/41 MP: 6/6
  2050 | D:4      | Reached XP level 7. HP: 25/45 MP: 7/7
  2276 | D:4      | Noticed Grinder
  2286 | D:4      | Paralysed by Grinder for 5 turns
  2296 | D:4      | Paralysed by Grinder for 7 turns
  2307 | D:4      | Killed Grinder
  2307 | D:4      | Reached XP level 8. HP: 23/51 MP: 8/8
  2330 | D:4      | Reached skill level 7 in Maces & Flails
  2692 | D:4      | Found a basalt altar of Yredelemnul.
  2717 | D:5      | Entered Level 5 of the Dungeon
  2733 | D:5      | Found a staircase to the Ecumenical Temple.
  2790 | Temple   | Entered the Ecumenical Temple
  2972 | Temple   | Became a worshipper of Warmaster Okawaru
  3933 | D:5      | Noticed Eustachio
  4027 | D:5      | Killed Eustachio
  4027 | D:5      | Reached skill level 8 in Maces & Flails
  4107 | D:5      | Found Ceffev's Antique Armour Shoppe.
  4115 | D:5      | Bought a pair of gloves for 126 gold pieces
  4897 | D:6      | Got a twitching lapis lazuli ring
  4897 | D:6      | Found a stormy altar of Qazlal.
  5017 | D:6      | Reached XP level 9. HP: 55/57 MP: 9/9
  5087 | D:7      | Noticed Duvessa
  5090 | D:7      | Noticed Dowan
  5092 | D:7      | Reached * piety under Okawaru
  5100 | D:7      | Reached skill level 9 in Maces & Flails
  5120 | D:7      | Killed Duvessa
  5154 | D:7      | Killed Dowan
  5221 | D:7      | Found a deep blue altar of Sif Muna.
  5465 | D:7      | Reached ** piety under Okawaru
  5489 | D:7      | Reached skill level 10 in Maces & Flails
  6014 | D:7      | Identified the ring of Sloth {rPois MP+9 Int+3} (You found it on level 6 of the Dungeon)
  6043 | D:8      | Found Ocrabb's Antique Weapon Emporium.
  6147 | D:8      | Slain by a vampire

Skill      XL: |  1  2  3  4  5  6  7  8  9 |
---------------+----------------------------+-----
Fighting       | 4 5 6 7 8 |  8.2
Maces & Flails | 3 4 6 8 10 | 10.3
Dodging        | 1 2 3 |  3.7
Armour         | |  3.3
Shields        | |  3.2

Action                   |  1- 3 |  4- 6 |  7- 9 || total
-------------------------+-------+-------+-------++-------
Melee: Flail             |    62 |   168 |   233 ||   463
       Mace              |       |       |   256 ||   256
  Use: Scroll            |     8 |     3 |     8 ||    19
       Potion            |     1 |     2 |     9 ||    12
  Eat: Fruit             |       |     3 |       ||     3
       Royal jelly       |       |     1 |       ||     1
       Meat ration       |       |       |     2 ||     2
       Bread ration      |       |       |     1 ||     1
Armor: Scale mail        |    24 |   124 |   253 ||   401
Dodge: Dodged            |    24 |    88 |   149 ||   261
Block: Shield            |    30 |   111 |   235 ||   376
